Map: [EWC] Site Delta

Players

GuMiho

  • Race: Terran Terran
  • Spawn Location: 5:00

Oliveira - Winner!

  • Race: Terran Terran
  • Spawn Location: 11:00

Event: Esports World Cup 2024

VOD

Have the link to the VOD?

Description

Time

  • Played on: Aug. 15, 2024, 10:49 a.m.
  • Length: 15:52

All games in this series

Show
View Real Time Build Order
Export as new Build Order

GuMiho Terran 

Build Orders: Cyclone Opening, Gas First Reaper Expand 

Get SALT Encoding   

  12  0:00  SCV  
  13  0:12  SCV  
  14  0:16  Supply Depot  
  14  0:24  SCV  
  14  0:27  Refinery  
  15  0:38  SCV  
  16  0:44  Barracks  
  16  0:50  SCV  
  17  1:02  SCV  
  18  1:14  SCV  
  19  1:30  Orbital Command  
  19  1:31  Reaper  
  20  1:40  Command Center  
  20  1:51  Factory  
  20  1:56  SCV  
  21  2:02  Supply Depot  
  21  2:05  Marine  
  22  2:08  SCV  
  22  2:12  Refinery  
  23  2:23  Marine  
  23  2:24  SCV  
  25  2:34  Hellion  
  25  2:36  SCV  
  28  2:37  Starport  
  28  2:42  Barracks Reactor  
  28  2:48  SCV  
  29  2:52  Orbital Command  
  29  2:58  Cyclone  
  31  3:01  SCV  
  31  3:13  SCV, Medivac  
  31  3:19  SCV  
  35  3:25  SCV  
  36  3:31  SCV, Cyclone  
  36  3:32  Marine x2  
  41  3:35  Supply Depot  
  41  3:37  SCV  
  42  3:43  SCV, Liberator  
  46  3:56  SCV, Marine x2  
  46  3:57  Supply Depot  
  46  4:00  SCV  
  50  4:05  Factory Tech Lab  
  50  4:08  SCV  
  51  4:10  Command Center  
  51  4:15  SCV  
  52  4:20  SCV  
  52  4:24  Siege Tank  
  52  4:27  SCV  
  52  4:28  Supply Depot, Refinery x2  
  56  4:32  SCV  
  56  4:37  Supply Depot  
  57  4:39  SCV  
  57  4:42  Barracks Tech Lab  
  57  4:43  Viking  
  57  4:44  SCV  
  61  4:49  Viking  
  61  4:51  Supply Depot  
  63  4:56  SCV  
  63  4:57  SCV  
  65  5:00  Siege Tank  
  68  5:08  SCV  
  68  5:09  SCV  
  68  5:13  Viking  
  72  5:19  Viking  
  72  5:20  SCV  
  72  5:21  SCV  
  76  5:22  Bunker  
  76  5:23  Orbital Command  
  76  5:26  Starport  
  76  5:35  SCV x2  
  78  5:36  Siege Tank  
  81  5:46  Supply Depot, Viking  
  81  5:48  Supply Depot  
  83  5:52  Viking  
  83  5:54  SCV x2  
  87  6:07  Supply Depot x2  
  87  6:08  Siege Tank  
  84  6:19  Viking  
  84  6:21  Viking  
  84  6:22  Viking  
  90  6:27  SCV  
  90  6:28  SCV x2  
  89  6:40  SCV x3, Siege Tank  
  89  6:44  Supply Depot  
  94  6:49  Viking  
  94  6:51  Viking  
  94  6:52  SCV x3  
  101  7:03  Engineering Bay  
  101  7:07  Orbital Command  
  101  7:08  SCV x2  
  103  7:11  Supply Depot  
  103  7:12  Supply Depot, Siege Tank  
  103  7:14  Viking  
  102  7:22  Viking  
  102  7:23  Viking  
  106  7:35  Orbital Command  
  104  7:44  Viking  
  106  7:52  Viking  
  106  7:53  Viking  
  106  7:55  SCV x2  
  104  8:14  Viking  
  94  8:22  Viking  
  94  8:23  Viking  
  95  8:28  Siege Tank  
  95  8:33  Missile Turret  
  95  8:34  SCV x2  
  99  8:42  SCV  
  99  8:44  Viking  
  99  8:46  SCV  
  103  8:52  Viking  
  103  8:55  Starport Reactor  
  100  9:08  Siege Tank  
  103  9:10  SCV x2  
  103  9:11  SCV  
  106  9:19  Viking  
  106  9:22  SCV, Viking  
  111  9:28  Command Center  
  111  9:31  SCV x2  
  111  9:34  SCV  
  111  9:35  Viking  
  118  9:49  Viking  
  118  9:50  Orbital Command  
  118  9:51  Missile Turret  
  118  9:52  Liberator, Viking  
  123  10:03  Missile Turret  
  123  10:05  Viking  
  125  10:08  SCV x2  
  126  10:20  SCV x2  
  129  10:25  Orbital Command  
  128  10:35  Liberator  
  128  10:36  Liberator x3  
  128  10:40  SCV  
  128  10:41  SCV  
  139  11:03  Supply Depot  
  139  11:04  Supply Depot  
  139  11:11  Siege Tank  
  139  11:15  Command Center  
  139  11:17  Command Center  
  142  11:21  Liberator  
  142  11:22  Liberator x3  
  154  11:44  Siege Tank  
  157  12:04  Viking  
  157  12:05  Viking  
  157  12:06  Viking x2  
  165  12:17  Refinery  
  165  12:19  Refinery  
  165  12:25  Orbital Command  
  165  12:27  Command Center  
  165  12:37  Viking  
  165  12:38  Viking x3  
  171  12:52  Orbital Command  
  171  12:55  Siege Tank  
  171  13:07  Viking  
  154  13:14  Viking x2  
  158  13:36  Viking  
  158  13:37  Viking  
  158  13:40  Refinery  
  162  13:43  Refinery  
  162  13:44  Viking x2  
  162  13:46  Missile Turret  
  166  13:52  Siege Tank  
  152  14:06  Viking  
  152  14:07  Factory, Viking  
  152  14:08  Planetary Fortress, Factory  
  153  14:18  Command Center  
  153  14:23  Command Center  
  150  14:35  Liberator x2  
  150  14:36  Liberator  
  159  14:39  Armory  
  159  14:45  Missile Turret  
  159  14:48  Siege Tank, Missile Turret  
  162  14:58  Factory Reactor, Factory Tech Lab  
  162  15:12  Missile Turret x2, Armory  
  162  15:17  Missile Turret  
  162  15:19  Missile Turret  
  162  15:20  Viking x3  
Show
View Real Time Build Order
Export as new Build Order

Oliveira Terran - Winner!

Build Orders: Gas First Reaper Expand 

Get SALT Encoding   

  12  0:00  SCV  
  13  0:12  SCV  
  14  0:17  Supply Depot  
  14  0:24  SCV  
  15  0:29  Refinery  
  15  0:38  SCV  
  16  0:44  Barracks  
  16  0:50  SCV  
  17  1:03  SCV  
  18  1:15  SCV  
  19  1:31  Orbital Command, Reaper  
  20  1:42  Command Center  
  20  1:52  Factory  
  20  1:57  SCV  
  21  2:03  Supply Depot  
  21  2:06  Marine  
  22  2:10  SCV  
  23  2:17  Refinery  
  23  2:25  SCV, Marine  
  25  2:37  SCV  
  25  2:38  Hellion  
  25  2:39  Starport  
  25  2:44  Barracks Reactor  
  28  2:50  SCV  
  29  2:54  Orbital Command  
  29  3:00  Cyclone  
  29  3:02  SCV  
  32  3:14  SCV  
  32  3:15  Starport Tech Lab  
  33  3:20  Refinery  
  33  3:21  SCV  
  33  3:26  SCV  
  36  3:29  Supply Depot  
  36  3:33  Cyclone  
  38  3:35  SCV  
  38  3:36  Raven  
  38  3:38  SCV  
  38  3:39  Marine x2  
  42  3:47  SCV  
  42  3:48  Refinery  
  43  3:50  SCV  
  43  3:55  Interference Matrix  
  44  3:59  SCV  
  44  4:00  Supply Depot  
  44  4:02  SCV  
  46  4:03  Marine x2  
  46  4:07  Factory Tech Lab  
  48  4:10  Raven  
  48  4:11  SCV  
  48  4:14  SCV  
  52  4:23  SCV  
  53  4:26  Siege Tank, SCV  
  53  4:28  Supply Depot  
  56  4:32  Starport  
  56  4:35  SCV  
  56  4:37  Marine x2  
  59  4:38  SCV  
  59  4:44  Supply Depot  
  60  4:48  SCV  
  60  4:51  SCV  
  62  4:56  Supply Depot  
  62  4:59  Siege Tank  
  65  5:00  SCV  
  65  5:03  SCV  
  65  5:04  Viking  
  65  5:06  Viking  
  71  5:11  Viking  
  71  5:13  SCV  
  74  5:15  SCV  
  74  5:17  Supply Depot  
  74  5:19  Supply Depot  
  75  5:26  SCV  
  75  5:27  SCV  
  77  5:33  Viking  
  79  5:35  Viking  
  79  5:37  Siege Tank  
  84  5:42  Viking  
  86  5:55  Command Center  
  86  6:02  SCV x2  
  88  6:04  Supply Depot, Viking  
  88  6:15  Viking  
  88  6:17  Viking  
  87  6:28  SCV  
  87  6:30  SCV  
  89  6:37  Siege Tank  
  92  6:40  SCV  
  92  6:42  Viking  
  92  6:45  SCV  
  96  6:50  Liberator  
  96  6:52  SCV  
  100  6:56  Viking  
  100  7:00  SCV  
  101  7:05  Stimpack  
  101  7:09  SCV  
  101  7:11  Barracks  
  101  7:12  Orbital Command  
  101  7:13  Barracks  
  101  7:15  SCV  
  103  7:19  Siege Tank  
  102  7:25  SCV  
  102  7:27  SCV  
  104  7:35  Viking x2  
  104  7:36  Viking  
  110  7:41  SCV x2, Marine  
  110  7:43  SCV  
  114  7:53  SCV, Siege Tank  
  110  8:14  Orbital Command  
  100  8:22  Viking x2  
  100  8:23  Orbital Command  
  100  8:25  SCV  
  106  8:27  SCV  
  106  8:30  Barracks Reactor x2  
  106  8:32  Siege Tank, Engineering Bay x2  
  108  8:35  Barracks  
  108  8:36  Barracks  
  108  8:37  Viking  
  110  8:41  SCV  
  110  8:42  SCV  
  112  8:52  SCV  
  112  8:54  SCV  
  112  8:55  Viking x2  
  112  9:03  SCV  
  112  9:05  SCV  
  112  9:06  SCV  
  112  9:08  Terran Infantry Weapons Level 1, Terran Infantry Armor Level 1  
  115  9:10  Marine x4  
  118  9:28  Sensor Tower  
  118  9:30  SCV  
  120  9:32  Supply Depot, Command Center  
  120  9:33  Barracks Reactor  
  120  9:34  Barracks Reactor  
  120  9:36  SCV x2, Marine  
  120  9:37  Missile Turret  
  120  9:38  Starport Reactor  
  122  9:44  Siege Tank  
  122  9:47  SCV  
  122  9:48  SCV  
  122  9:51  Armory  
  124  9:53  Marine  
  124  9:55  Supply Depot, Reaper  
  124  9:59  Marine x2  
  127  10:01  Marine  
  127  10:06  Medivac  
  127  10:07  Medivac  
  132  10:09  Refinery  
  132  10:10  Marine  
  132  10:11  Refinery  
  133  10:16  Marine x2  
  133  10:22  Marine  
  133  10:24  Marine  
  133  10:25  Marine  
  133  10:28  Marine  
  137  10:30  Siege Tank  
  137  10:31  Marine  
  141  10:37  Supply Depot  
  141  10:38  Supply Depot  
  141  10:43  Marine x3, Viking x2  
  141  10:44  Supply Depot  
  141  10:45  Marauder  
  141  10:48  Marine  
  147  10:54  Marine x2  
  147  10:56  Planetary Fortress  
  125  10:57  SCV x2  
  125  10:58  SCV, Marine x2  
  125  11:01  Marine x2  
  132  11:05  Marine  
  132  11:08  Marine  
  134  11:14  SCV  
  134  11:18  Marine  
  133  11:19  SCV  
  133  11:21  Marine  
  133  11:23  SCV  
  133  11:25  Marine x3  
  134  11:26  SCV  
  134  11:31  Command Center  
  134  11:32  Marine x2  
  128  11:34  Siege Tank  
  128  11:36  Drilling Claws  
  128  11:37  Combat Shield, Marine  
  128  11:39  Marine  
  132  11:42  Medivac  
  132  11:44  Marine x2  
  132  11:46  Medivac  
  136  11:47  Marine  
  136  11:49  Marine  
  136  11:51  SCV x2  
  136  11:52  SCV  
  141  11:54  Marine  
  141  11:55  Medivac  
  141  12:01  Terran Infantry Armor Level 2, Terran Infantry Weapons Level 2  
  143  12:05  Marine x2  
  143  12:07  Marine  
  146  12:09  Medivac  
  146  12:10  SCV x2  
  146  12:13  Marine  
  150  12:17  Marine  
  150  12:21  Viking x2  
  153  12:23  Marine x2  
  153  12:26  Marine  
  153  12:27  Viking  
  153  12:29  SCV  
  159  12:33  Terran Ship Weapons Level 1  
  159  12:36  Marine  
  160  12:37  SCV  
  160  12:40  Marine x3  
  160  12:41  Marine  
  163  12:46  SCV  
  163  12:48  Marine  
  163  12:50  Marine x2  
  146  12:51  Marine  
  146  12:52  Medivac  
  146  12:54  Missile Turret  
  146  12:56  Marine  
  146  12:58  Marine  
  151  12:59  Marine x2  
  151  13:00  Siege Tank  
  151  13:04  Marine  
  151  13:07  Marine  
  151  13:10  Marine, Viking x2  
  151  13:12  Marine x2  
  139  13:14  Marine, Viking  
  139  13:15  Marine  
  139  13:18  SCV  
  139  13:19  SCV  
  136  13:23  Orbital Command, Marine x3  
  136  13:25  Marine  
  139  13:28  Marine  
  139  13:29  Marine  
  139  13:31  Marine  
  139  13:32  Viking  
  139  13:33  Marine  
  139  13:34  Marine  
  145  13:40  Siege Tank  
  145  13:41  Marine x3  
  149  13:44  Marine  
  149  13:46  Marine  
  149  13:48  Marine  
  152  13:50  SCV  
  148  14:02  SCV  
  137  14:03  Viking x2  
  137  14:04  Marine, Viking  
  137  14:07  SCV  
  146  14:17  SCV x2, Marine x2  
  146  14:18  Marine x3  
  146  14:20  Marine  
  146  14:21  Marine  
  146  14:22  Medivac  
  155  14:25  Marine x2  
  155  14:26  Missile Turret  
  157  14:34  Starport  
  157  14:35  Marine x2  
  157  14:36  Marine  
  124  14:38  Viking  
  160  14:40  SCV x2  
  160  14:41  SCV  
  160  14:42  Marine  
  166  14:48  Viking x2  
  169  14:54  Marine x3  
  169  14:55  Viking  
  174  15:01  Marine  
  174  15:02  Marine x2  
  174  15:03  Marine  
  174  15:06  Marine x2  
  180  15:08  Command Center, Viking  
  180  15:12  Marine x3  
  185  15:14  SCV  
  185  15:15  SCV x2  
  185  15:18  Starport Reactor, Marine  
  189  15:23  Marine  
Tags
 
Add a new tag
Caveats
  • Supply blocks, unpowered buildings, or Contaminate may cause inaccurate times.
  • Supply counts are checked every 10 seconds.